 Dungeon Crawl Stone Soup version 0.31-a0-233-g139696dc86 (webtiles) character file.

Game seed: 18405222728276229813

213 qw the Shooter (level 5, 0/30 HPs)
             Began as a Gargoyle Hexslinger on July 8, 2023.
             Slain by an ice beast (12 damage)
             ... on level 5 of the Dungeon.
             The game lasted 00:01:03 (2432 turns).

qw the Shooter (Gargoyle Hexslinger)                Turns: 2432, Time: 00:01:04

Health: 0/30       AC: 10    Str: 11    XL:     5   Next: 90%
Magic:  6/6        EV: 10    Int: 14    God:
Gold:   144        SH:  0    Dex: 20    Spells: 5/6 levels left

rFire   . . .        Y - +2 sling
rCold   . . .        (no shield)
rNeg    + . .        d - +0 ring mail
rPois   inf          (no helmet)
rElec   +            (no cloak)
rCorr   .            h - +0 pair of gloves
SInv    .            (no boots)
Will    .....        (no amulet)
Stlth   +            c - +6 ring of dexterity
HPRegen 0.25/turn    (no ring)
MPRegen 0.10/turn

%: no passive effects
@: no status effects
A: sickness immunity, AC +4, negative energy resistance 1, electricity
resistance, torment resistance 1, petrification resistance
a: no special abilities


You were on level 5 of the Dungeon.
You visited 1 branch of the dungeon, and saw 5 of its levels.

You collected 144 gold pieces.


Innate Abilities, Weirdness & Mutations

You are immune to sickness and miasma.
Your stone body is resilient. (AC +4)
You are immune to poison.
You resist negative energy. (rN+)
You are resistant to electric shocks. (rElec)
You are resistant to unholy torment.
You are immune to petrification.


   Skills:
 + Level 2.1 Fighting
 - Level 5.5 Ranged Weapons
 - Level 1.0 Armour
 - Level 1.5 Dodging
 - Level 1.0 Spellcasting
 - Level 2.6 Hexes


You had 5 spell levels left.
You knew the following spells:

 Your Spells              Type           Power      Damage    Failure   Level
a - Slow                  Hex            32%        N/A       21%         1

Your spell library contained the following spells:

 Spells                   Type           Power      Damage    Failure   Level
 Inner Flame              Hex/Fire       4%         N/A       71%         3
 Portal Projectile        Hex/Tloc       8%         N/A       71%         3
 Cause Fear               Hex            4%         N/A       90%         4

Inventory:

Hand Weapons
 Y - a +2 sling (weapon)
Armour
 b - a +2 robe of positive energy
 d - a +0 ring mail (worn)
 h - a +0 pair of gloves (worn)
Jewellery
 a - a ring of ice
 c - a +6 ring of dexterity (left hand)
Scrolls
 g - 2 scrolls of identify
Potions
 e - 2 potions of curing

Dungeon Overview and Level Annotations

Branches:
Dungeon (4/15)
 Temple: D:4-7

Altars:


Message History

The ice beast is lightly wounded.
The ice beast hits you but does no damage.
You shoot a sling bullet.
The sling bullet barely misses the ice beast.
The ice beast barely misses you.
You shoot a sling bullet.
The sling bullet hits the ice beast but does no damage.
The ice beast hits you but does no damage.
You shoot a sling bullet.
The sling bullet closely misses the ice beast.
The ice beast hits you but does no damage. x2
You shoot a sling bullet.
The sling bullet hits the ice beast but does no damage.
The ice beast barely misses you.
You shoot a sling bullet.
The sling bullet barely misses the ice beast.
The ice beast closely misses you.
You shoot a sling bullet.
The sling bullet barely misses the ice beast.
The ice beast closely misses you.
You shoot a sling bullet.
The sling bullet barely misses the ice beast.
The ice beast hits you but does no damage. x2
You shoot a sling bullet.
The sling bullet hits the ice beast but does no damage.
The ice beast hits you but does no damage.
You shoot a sling bullet.
The sling bullet closely misses the ice beast.
The ice beast completely misses you.
You shoot a sling bullet.
The sling bullet barely misses the ice beast.
The ice beast hits you but does no damage.
You shoot a sling bullet.
The sling bullet hits the ice beast but does no damage.
The ice beast hits you. The ice beast freezes you!
The ice beast barely misses you.
You shoot a sling bullet.
The sling bullet closely misses the ice beast.
The ice beast hits you. The ice beast freezes you!
You die...

....... ...?. ....#
....# . #... ..# ##.$
....##.Y#
#......@#############
#...........##......#
.....######..#......#
##.# ##........# ..
###......# . #......#
........# #........#
#..##......


You could see an ice beast.

Vanquished Creatures
  Blork the orc (D:4)
  A hound (D:3)
  4 adders
  A white imp (D:5)
  A worm (D:2)
  2 dart slugs
  3 orcs (D:3)
  9 ball pythons
  7 bats
  2 endoplasms (D:1)
  4 giant cockroaches
  7 goblins
  5 hobgoblins
  4 jackals
  A quokka (D:1)
  8 frilled lizards
  5 kobolds
  5 rats
70 creatures vanquished.

Notes
Turn   | Place    | Note
-------+----------+-------------------------------------------
     0 | D:1      | qw the Gargoyle Hexslinger began the quest for the Orb.
     0 | D:1      | Reached XP level 1. HP: 12/12 MP: 2/2
     0 | D:1      | 0 ||| qw: Version: 0.3-a-46-gb1f654a
     0 | D:1      | 0 ||| qw: Game counter: 3422
     0 | D:1      | 0 ||| qw: Melee chars always use a shield: true
     0 | D:1      | 0 ||| qw: God list: Okawaru
     0 | D:1      | 0 ||| qw: Allow faded altars: false
     0 | D:1      | 0 ||| qw: Do Orc after clearing Dungeon:15 true
     0 | D:1      | 0 ||| qw: Do second Lair branch before Depths: true
     0 | D:1      | 0 ||| qw: Lair rune preference: random
     0 | D:1      | 0 ||| qw: Goals: Normal
     0 | D:1      | 0 ||| PLANNING D:1-11
    87 | D:1      | Reached XP level 2. HP: 12/16 MP: 3/3
   170 | D:1      | Reached skill level 3 in Ranged Weapons
   292 | D:1      | Reached XP level 3. HP: 21/21 MP: 4/4
   701 | D:1      | 701 ||| UPGRADING to +0 ring mail.
   711 | D:1      | 711 ||| DROPPING +0 robe.
   712 | D:1      | 712 ||| READING scroll labelled GOEPIO NILIO.
   713 | D:1      | 713 ||| READING scroll labelled IDAELACL AXZO.
   714 | D:1      | 714 ||| DROPPING scroll of poison.
  1141 | D:2      | Reached XP level 4. HP: 14/26 MP: 5/5
  1146 | D:2      | HP: 5/26 [kobold/+0 quarterstaff (7)]
  1147 | D:2      | HP: 2/26 [kobold/+0 quarterstaff (3)]
  1257 | D:2      | Reached skill level 4 in Ranged Weapons
  1530 | D:2      | 1530 ||| UPGRADING to +0 pair of gloves.
  1535 | D:2      | 1535 ||| UPGRADING to +6 ring of dexterity.
  1536 | D:2      | 1536 ||| DROPPING +6 ring of intelligence.
  1537 | D:2      | 1537 ||| READING scroll labelled DOSTISCHOZXYTT.
  1538 | D:2      | 1538 ||| READING scroll labelled ZEUKOCKI JYBRA.
  1539 | D:2      | 1539 ||| DRINKING 3 amethyst potions.
  1585 | D:3      | Reached skill level 1 in Armour
  2029 | D:3      | 2029 ||| READING 3 scrolls labelled PUAMOCR AHOATO.
  2030 | D:3      | 2030 ||| READING scroll labelled JOCVIFRA QAOTH.
  2131 | D:3      | 2131 ||| DROPPING 2 scrolls of noise.
  2155 | D:4      | 2155 ||| PLANNING OSSUARY
  2182 | D:4      | 2182 ||| FLEEEEING.
  2183 | D:4      | 2183 ||| FLEEEEING.
  2186 | D:4      | 2186 ||| FLEEEEING.
  2187 | D:4      | 2187 ||| FLEEEEING.
  2188 | D:4      | 2188 ||| FLEEEEING.
  2190 | D:4      | 2190 ||| STAIRDANCE
  2208 | D:4      | 2208 ||| STAIRDANCE
  2226 | D:4      | 2226 ||| STAIRDANCE
  2244 | D:4      | 2244 ||| STAIRDANCE
  2249 | D:3      | Reached XP level 5. HP: 22/30 MP: 6/6
  2311 | D:4      | Noticed Blork the orc
  2319 | D:4      | Killed Blork the orc
  2320 | D:4      | Reached skill level 5 in Ranged Weapons
  2400 | D:4      | You fall into a shaft and drop 1 floor!
  2400 | D:5      | Entered Level 5 of the Dungeon
  2412 | D:5      | Noticed an ice beast
  2432 | D:5      | Slain by an ice beast

Levels and vault maps discovered:
D:1:      psy_arrival_basics, layout_loops_ring, st_stairs_8, dk_noncrumbling_4,
          minmay_unequal
D:2:      layout_basic
D:3:      layout_rooms
D:4:      layout_rooms, mainiacjoe_overflow_catwalk_spiral, enter_ossuary_5,
          uniq_edmund, uniq_blork_the_orc
D:5:      layout_rooms, grunt_gozag_statues, minmay_temple_entry_fiery,
          cheibrodos_sewer_entry_sluice, corexii_leaking_fountain, uniq_sigmund

Skill      XL: |  1  2  3  4  5 |
---------------+----------------+-----
Ranged Weapons | 3 4 5 |  5.5
Fighting       | 2 |  2.1
Armour         | 1 |  1.0
Dodging        | |  1.5
Spellcasting   | |  1.0
Hexes          | |  2.6

Action                     |  1- 3 |  4- 6 || total
---------------------------+-------+-------++-------
   Fire: Sling             |   152 |   103 ||   255
    Use: Scroll            |     2 |     4 ||     6
         Potion            |       |     1 ||     1
 Armour: Robe              |    30 |       ||    30
         Ring mail         |    16 |    31 ||    47
  Dodge: Dodged            |    66 |    45 ||   111

Table legend:
 A = Non-vault XP
 B = Vault XP
 C = Vault XP percentage of total XP
 D = Non-vault monster count
 E = Vault monster count
 F = Vault count percentage of total count
                 A         B        C        D         E       F
            +---------+---------+-------+---------+---------+-------
      Total |     210 |      95 |  31.1 |      65 |       5 |   7.1
            +---------+---------+-------+---------+---------+-------
        D:1 |      47 |       5 |   9.6 |      30 |       4 |  11.8
        D:2 |      58 |       0 |   0.0 |      18 |       0 |   0.0
        D:3 |      84 |       0 |   0.0 |      11 |       0 |   0.0
        D:4 |      11 |      90 |  89.1 |       5 |       1 |  16.7
        D:5 |      10 |       0 |   0.0 |       1 |       0 |   0.0
            +---------+---------+-------+---------+---------+-------
